 Seeded DCSS version 0.28-a0-726-g4a9143789a (webtiles) character file.

Game seed: 7516650237348835793 (custom seed)

489564 flotson the Warrior (level 23, -2/169 HPs)
             Began as a Demonspawn Delver on Oct 27, 2021.
             Was an Initiate of Gozag.
             Slain by Mennas (18 damage)
             ... on level 2 of the Crypt on Oct 28, 2021.
             The game lasted 02:41:32 (86406 turns).

flotson the Warrior (Demonspawn Delver)            Turns: 86406, Time: 02:41:33

Health: -2/169     AC: 25    Str: 24    XL:     23   Next: 56%
Magic:  0/34       EV: 22    Int: 23    God:    Gozag
Gold:   11925      SH: 18    Dex: 14    Spells: 8/45 levels left

rFire   + . .      SeeInvis +   a - +8 autumn katana {vorpal, Clar}
rCold   + + .      Faith    .   R - +2 buckler {reflect}
rNeg    + . .      Spirit   +   Y - +7 Kryia's mail coat {PotionHeal*2 rC+}
rPois   .          Reflect  +   p - +0 helmet of Integrity {Fly rElec Dex-3 Slay+5}
rElec   +          Harm     .   n - scarf {rC+ rF+}
rCorr   .          Rampage  .   Q - +5 pair of gloves of Soft Rains {Will+ Str+3 Int+4}
Will    ++...      Clarity  +   (boots unavailable)
Stlth   +.........              w - amulet of guardian spirit
HPRegen 0.38/turn               z - +4 ring of slaying
MPRegen 0.24/turn               v - ring "Wommis" {*Corrode rN+ AC+4 Int+8 SInv}

@: mighty, agile, corroded, attractive, flying, glowing, studying Axes
A: hooves 3, large bone plates 3, powered by pain 2, black mark, demonic magic
3, bedeviling, aura of silence, berserk 1, frail 1, low mp 1, subdued magic 2
}: 3/15 runes: serpentine, barnacled, silver
a: Renounce Religion, Potion Petition, Call Merchant, Bribe Branch


You were on level 2 of the Crypt.
You worshipped Gozag.
Gozag was extremely pleased with you.
You visited 9 branches of the dungeon, and saw 42 of its levels.
You visited the Abyss 4 times.
You visited 2 bazaars.
You also visited: Ice Cave.

You collected 23458 gold pieces.
You spent 8061 gold pieces at shops.
You paid 3472 gold pieces to Gozag.

Inventory:

Hand Weapons
 a - the +8 autumn katana (weapon) {vorpal, Clar}
   (You found it on level 7 of the Dungeon)

   It inflicts extra damage upon your enemies.
   Clar:      It protects you against confusion.
Missiles
 b - 15 javelins
 y - 9 boomerangs of dispersal
 G - 16 silver javelins (quivered)
 H - 13 throwing nets
 I - 5 atropa-tipped darts
 K - 4 curare-tipped darts
Armour
 n - a scarf of resistance (worn)
 p - the +0 helmet of Integrity (worn) {Fly rElec Dex-3 Slay+5}
   (You bought it in a shop on level 2 of the Elven Halls)

   Dex:       It affects your dexterity (-3).
   Slay:      It affects your accuracy & damage with ranged weapons and melee
   (+5).
   rElec:     It insulates you from electricity.
   Fly:       It grants you flight.
 Q - the +5 pair of gloves of Soft Rains (worn) {Will+ Str+3 Int+4}
   (You bought it in a shop on level 10 of the Dungeon)

   Str:       It affects your strength (+3).
   Int:       It affects your intelligence (+4).
   Will:      It increases your willpower.
 R - a +2 buckler of reflection (worn)
 Y - the +7 Kryia's mail coat (worn) {PotionHeal*2 rC+}
   (You bought it in a shop on level 10 of the Dungeon)

   Potions are twice as effective at healing its wearer.
   rC:        It protects you from cold.
Jewellery
 v - the ring "Wommis" (right hand) {*Corrode rN+ AC+4 Int+8 SInv}
   (You acquired it on level 3 of the Shoals)

   [ring of protection]

   AC:        It affects your AC (+4).
   Int:       It affects your intelligence (+8).
   rN:        It protects you from negative energy.
   SInv:      It lets you see invisible.
   *Corrode:  It may corrode you when you take damage.
 w - an amulet of guardian spirit (around neck)
 z - a +4 ring of slaying (left hand)
 P - a ring of wizardry
Wands
 k - a wand of digging (6)
 F - a wand of paralysis (26)
 L - a wand of acid (7)
 N - a wand of mindburst (36)
 S - a wand of charming (17)
 T - a wand of polymorph (7)
 W - a wand of iceblast (33)
Scrolls
 c - 5 scrolls of fog
 d - 8 scrolls of magic mapping
 e - 7 scrolls of fear
 g - 5 scrolls of silence
 l - 19 scrolls of teleportation
 m - 2 scrolls of summoning
 q - 3 scrolls of torment
 B - 5 scrolls of vulnerability
 J - 4 scrolls of blinking
 X - 8 scrolls of immolation
 Z - 2 scrolls of holy word
Potions
 f - 5 potions of haste
 h - 9 potions of heal wounds
 i - 7 potions of mutation
 r - 4 potions of attraction
 s - 6 potions of lignification
 x - 6 potions of resistance
 A - 9 potions of ambrosia
 C - 10 potions of might
 D - 19 potions of curing
 E - 2 potions of invisibility
 U - 4 potions of cancellation
 V - 2 potions of berserk rage
Miscellaneous
 j - a lightning rod (4/4)
 o - a box of beasts
 t - a tin of tremorstones (2/2)
 u - a condenser vane
 M - a phantom mirror
 O - a phial of floods


   Skills:
 + Level 17.2 Fighting
 - Level 1.7(7.8) Short Blades
 - Level 11.9(12.0) Long Blades
 + Level 11.6 Throwing
 + Level 15.7 Armour
 + Level 15.8 Dodging
 - Level 4.5 Stealth
 - Level 15.0 Shields
 + Level 11.5 Spellcasting
 - Level 6.0 Hexes
 + Level 15.7 Summonings
 - Level 3.0 Translocations
 - Level 5.0 Ice Magic
 + Level 11.4 Evocations


You had 8 spell levels left.
You knew the following spells:

 Your Spells              Type           Power      Damage    Failure   Level
a - Summon Small Mammal   Summ           100%       N/A       0%          1
b - Call Canine Familiar  Summ           52%        N/A       0%          3
c - Summon Guardian Gole  Hex/Summ       56%        N/A       1%          3
d - Summon Ice Beast      Ice/Summ       38%        N/A       1%          4
e - Monstrous Menagerie   Summ           26%        N/A       8%          7
f - Summon Cactus Giant   Summ           26%        N/A       1%          6
g - Ensorcelled Hibernat  Hex/Ice        72%        N/A       1%          2
h - Portal Projectile     Hex/Tloc       62%        N/A       2%          3
i - Summon Mana Viper     Hex/Summ       56%        N/A       1%          5
j - Apportation           Tloc           32%        N/A       1%          1
k - Passwall              Tmut/Erth      6%         N/A       10%         2

Your spell library contained the following spells:

 Spells                   Type           Power      Damage    Failure   Level
 Slow                     Hex            38%        N/A       1%          2
 Confusing Touch          Hex            38%        N/A       1%          3
 Frozen Ramparts          Ice            44%        1d6       1%          3
 Ozocubu's Armour         Ice            22%        N/A       1%          3
 Animate Armour           Summ/Erth      60%        N/A       1%          4
 Summon Forest            Summ/Tloc      17%        N/A       3%          5
 Teleport Other           Tloc           16%        N/A       4%          3
 Magic Dart               Conj           32%        1d4       5%          1
 Pain                     Necr           32%        1d5       5%          1
 Sandblast                Erth           16%        2d6       5%          1
 Shock                    Conj/Air       32%        1d5       5%          1
 Sting                    Tmut/Pois      32%        1d4       5%          1
 Summon Hydra             Summ           26%        N/A       8%          7
 Scorch                   Fire           16%        2d5       10%         2
 Searing Ray              Conj           16%        2d5       10%         2
 Static Discharge         Conj/Air       8%         N/A       10%         2
 Sublimation of Blood     Necr           4%         N/A       10%         2
 Conjure Flame            Conj/Fire      8%         6-21      19%         3
 Ignite Poison            Fire/Tmut/Pois 8%         N/A       19%         3
 Spider Form              Tmut/Pois      4%         N/A       19%         3
 Stone Arrow              Conj/Erth      16%        3d8       19%         3
 Swiftness                Air            8%         N/A       19%         3
 Fulminant Prism          Conj/Hex       12%        3d9       19%         4
 Passage of Golubria      Tloc           16%        N/A       19%         4
 Hailstorm                Conj/Ice       15%        3d5       24%         4
 Ice Form                 Ice/Tmut       15%        N/A       24%         4
 Iskenderun's Mystic Bla  Conj/Tloc      12%        2d5       34%         4
 Silence                  Hex/Air        12%        N/A       50%         5
 Yara's Violent Unravell  Hex/Tmut       12%        3d7       50%         5
 Airstrike                Air            4%         N/A       56%         4
 Animate Dead             Necr           4%         N/A       56%         4
 Dispel Undead            Necr           8%         3d8       56%         4
 Flame Wave               Conj/Fire      8%         3d4       56%         4
 Sticky Flame             Conj/Fire      8%         2d3       56%         4
 Invisibility             Hex            19%        N/A       67%         6
 Malign Gateway           Summ/Tloc      17%        N/A       80%         7
 Agony                    Necr           8%         N/A       90%         5
 Alistair's Intoxication  Tmut/Pois      5%         N/A       90%         5
 Blade Hands              Tmut           4%         N/A       90%         5
 Borgnjor's Vile Clutch   Necr/Erth      4%         N/A       90%         5
 Excruciating Wounds      Necr           4%         N/A       90%         5
 Lee's Rapid Deconstruct  Erth           4%         3d6*      90%         5
 Spellforged Servitor     Conj/Summ      15%        N/A       95%         7
 Simulacrum               Ice/Necr       7%         N/A       99%         6
 Death Channel            Necr           4%         N/A       100%        6
 Eringya's Noxious Bog    Tmut/Pois      4%         N/A       100%        6
 Iron Shot                Conj/Erth      4%         9d2       100%        6
 Ozocubu's Refrigeration  Ice            11%        4d7       100%        7
 Lehudib's Crystal Spear  Conj/Erth      4%         10d3      100%        8
 Fire Storm               Conj/Fire      4%         8d1       100%        9


Dungeon Overview and Level Annotations

Branches:
Dungeon (15/15)            Temple (1/1) D:5            Lair (6/6) D:10
 Shoals (4/4) Lair:4        Snake (4/4) Lair:2        Slime (0/5) Lair:6
    Orc (2/2) D:9             Elf (3/3) Orc:2        Vaults (5/5) D:14
  Crypt (2/3) Vaults:2     Depths (0/4) D:15          IceCv (visited)

Altars:
Ashenzari
Dithmenos
Elyvilon
Fedhas
Gozag
Hepliaklqana
Kikubaaqudgha
Makhleb
Okawaru
Sif Muna
Trog
Vehumet
Xom
Yredelemnul
Zin
The Shining One
Jiyva

Shops:
D:6 (   D:10 [[   Orc:2 !(!:   Elf:1 [[   Elf:2 ?(?[   Shoals:4 [[*?
Snake:2 *[   Snake:3 *   Snake:4 [   Vaults:4 [[   Vaults:5 *

Portals:
Trove: D:13 (show abyssal rune of Zot)

Annotations:
Crypt:2 Mennas


Innate Abilities, Weirdness & Mutations

You have hooves in place of feet.
You are completely covered in large bone plates. (SH +8)
You sometimes gain power by taking damage.
Your melee attacks may debilitate your foes.
Spells you cast and wands you use may paralyse nearby enemies.
Your hexes are more powerful.
You are surrounded by an aura of silence.
You tend to lose your temper in combat.
You are frail. (-10% HP)
Your magical capacity is low. (-10% MP)
Your spells are easier to cast, but less powerful.


Message History

Unknown command.
You are too injured to fight recklessly!
Mennas blocks your attack.
Your kick misses Mennas.
Mennas is severely wounded.
The alligator skeleton completely misses you. x2
The eleionoma zombie misses you. You block Mennas's attack.
Mennas hits you with a +5 eudemon blade of holy wrath!!
* * * LOW HITPOINT WARNING * * *
You convulse!
* * * LOW HITPOINT WARNING * * *
The +7 Kryia's mail coat enhances the healing.
You feel much better.
Mennas hits you with a +5 eudemon blade of holy wrath!
You convulse!!
Mennas hits you but does no damage.
You block the alligator skeleton's attack. x2
Okay, then.
Unknown command.
Aiming: Corrosive Bolt
Press: ? - help, Shift-Dir - straight line, f - eleionoma zombie
Aim: an eleionoma zombie (silenced, haloed, 94% to hit)
The bolt of acid hits the eleionoma zombie!!
The acid corrodes the eleionoma zombie!
The eleionoma zombie is moderately damaged.
Malevolent energies surge around you.
The storm dragon zombie suddenly stops moving!
Mennas hits you with a +5 eudemon blade of holy wrath!
* * * LOW HITPOINT WARNING * * *
You convulse!
* * * LOW HITPOINT WARNING * * *
You block Mennas's attack.
The eleionoma zombie hits you but does no damage.
The alligator skeleton bites you but does no damage.
The alligator skeleton tail-slaps you but does no damage.
Mennas hits you with a +5 eudemon blade of holy wrath!!
* * * LOW HITPOINT WARNING * * *
You focus on the pain.
You feel very mighty all of a sudden.
You convulse!!
You die...
Your body crumbles into a pile of gold.

#.....##++##+
#...................
#.................<.
#...................
#...[)..............
#....)..............
#...<.......ZZ......
#.#######..ZZA......
#.# #..#@#### #.#
#..#....# #.#
#..#....#
#.#######..#....#
#..........#[...#
#..#######.#....#
#..# #.#....# #..#
#.'....# #..#
#.#....#


You could see Mennas, a storm dragon zombie (paralysed), an eleionoma zombie
(corroded), an alligator skeleton and a raiju skeleton.

Vanquished Creatures
  Saint Roka (Orc:2)
  Vashnia (Snake:2)
  A golden dragon (Vaults:3)
  2 bone dragons
  Jorgrun (D:15)
  A tentacled monstrosity (Vaults:5)
  2 liches
  Mlioglotl (Shoals:1)
  A Hell Sentinel (Abyss:3)
  3 titans
  4 deep elf blademasters
  The ghost of Kuseiv the Warrior, an adept MiHu of Okawaru (Snake:2)
  A deep elf master archer (Elf:3)
  2 quicksilver dragons
  Frances (Snake:2)
  9 tentacled starspawn
  5 sphinxes
  2 storm dragons
  6 ancient champions
  4 shadow dragons (Vaults:5)
  4 tengu reavers
  Donald (Snake:1)
  4 fire giants
  5 nagarajas
  A revenant (Crypt:1)
  9 deep elf sorcerers
  A juggernaut zombie (Crypt:1)
  4 orc warlords
  The ghost of Hypnoxylon the Wrestler, a journeyman TrFi of Qazlal (Lair:5)
  Louise (Snake:1)
  14 vault wardens
  4 frost giants (Vaults:3)
  Aizul (Vaults:1)
  2 balrugs (Abyss:2)
  The ghost of Icun the Thaumaturge, a journeyman GnWr of Okawaru (Snake:2)
  A draconian stormcaller (Abyss:3)
  3 iron dragons (Vaults:5)
  19 ironbound preservers
  2 deep elf elementalists (Elf:3)
  5 war gargoyles
  8 stone giants
  3 very ugly things
  6 vampire knights (Crypt:1)
  8 deep elf demonologists
  9 deep elf annihilators
  A lorocyproca (Abyss:2)
  A dire elephant (Lair:2)
  2 entropy weavers
  2 crystal guardians (Vaults:2)
  5 deep elf death magi
  8 merfolk impalers
  3 blizzard demons
  6 merfolk javelineers
  4 ettins
  A quicksilver dragon zombie (Crypt:1)
  13 yaktaur captains
  6 jiangshi
  6 deep elf high priests
  7 great orbs of eyes
  A fire dragon (Lair:6)
  4 ironbound thunderhulks
  5 salamander tyrants (Snake:4)
  An ice dragon (Vaults:3)
  13 hydras
  A peacekeeper (Vaults:2)
  4 rakshasas
  45 vault guards
  A great orb of eyes (shapeshifter) (Vaults:3)
  11 naga warriors
  3 boulder beetles
  A caustic shrike simulacrum (IceCv)
  3 alligator snapping turtles
  4 death knights
  2 ogre magi
  10 centaur warriors
  6 merfolk aquamancers
  8 ironbound frosthearts
  8 merfolk avatars
  8 two-headed ogres
  4 death yaks (Lair:5)
  A quicksilver dragon skeleton (Vaults:1)
  7 anacondas
  6 catoblepae
  A satyr (Shoals:3)
  3 orc high priests
  5 vampire magi
  11 thrashing horrors
  15 naga sharpshooters
  A tengu warrior (D:15)
  5 shock serpents
  Sonja (D:13)
  2 shock serpents (shapeshifter) (Vaults:5)
  A storm dragon zombie (Crypt:1)
  20 skeletal warriors
  16 deep elf knights
  A soul eater (Crypt:1)
  6 wretched stars
  7 sun demons
  A fire crab (D:15)
  A sixfirhy (Abyss:2)
  A spatial maelstrom (Abyss:3)
  3 salamander mystics
  41 deep trolls
  8 sea snakes
  4 flayed ghosts
  A bog body (IceCv)
  2 deep trolls (shapeshifter)
  An iron giant zombie (Crypt:1)
  2 swamp dragons
  12 deep elf archers
  5 starcursed masses
  6 naga ritualists
  17 phantasmal warriors
  A tengu zombie (Abyss:2)
  30 deep elf pyromancers
  An obsidian statue (IceCv)
  8 wizards
  14 ironbound convokers
  5 lindwurms
  Pikel (D:7)
  12 orc knights
  An orb spider (shapeshifter) (Elf:1)
  7 harpies (Shoals:4)
  31 deep elf zephyrmancers
  An iron dragon zombie (Vaults:4)
  4 necromancers
  6 mana vipers
  33 ugly things
  8 orc sorcerers
  3 fauns (Shoals:3)
  25 salamanders
  A wolf spider (shapeshifter) (Vaults:5)
  13 manticores
  2 worldbinders
  A shadow dragon skeleton (Vaults:1)
  A will-o-the-wisp (Abyss:3)
  4 cyclopes
  6 merfolk sirens
  An apocalypse crab (Abyss:2)
  24 elephants
  4 human skeletons
  25 vault sentinels
  An eye of devastation (Vaults:3)
  39 black mambas
  A torpor snail (shapeshifter) (Vaults:5)
  4 orange demons
  14 naga magi
  7 water nymphs
  An eye of devastation (shapeshifter) (Vaults:5)
  5 smoke demons
  A black mamba (shapeshifter) (D:14)
  7 guardian serpents
  A gargoyle (D:12)
  A yaktaur zombie (Vaults:1)
  A pale draconian zombie (Crypt:1)
  A hellion (Abyss:2)
  A torpor snail (Lair:6)
  A black draconian zombie (Crypt:2)
  4 unseen horrors
  Psyche (D:8)
  A red draconian zombie (Crypt:1)
  A spriggan skeleton (Crypt:1)
  A komodo dragon (shapeshifter) (Elf:2)
  17 cane toads
  3 rime drakes
  2 tengu conjurers
  15 freezing wraiths
  A minotaur zombie (Crypt:1)
  An efreet (Abyss:3)
  A golden dragon simulacrum (IceCv)
  A redback zombie (Crypt:1)
  An anaconda simulacrum (IceCv)
  5 komodo dragons
  15 yaktaurs
  A hellwing (Abyss:2)
  9 entropy weaver simulacra (IceCv)
  7 ancient zymes
  5 ice devils
  An iron troll skeleton (Crypt:1)
  A polar bear (Lair:3)
  11 trolls
  40 merfolk
  A silent spectre (Abyss:2)
  A meliai (D:15)
  2 harpy skeletons
  Grinder (D:6)
  5 raiju (Abyss:2)
  23 blink frogs
  20 slime creatures
  8 wind drakes
  A stone giant simulacrum (Vaults:4)
  3 dream sheep (Lair:6)
  14 snapping turtles
  A centaur simulacrum (D:14)
  8 flying skulls
  4 shadows
  3 air elementals
  A tarantella (Vaults:2)
  A redback (Vaults:2)
  8 spriggans (Lair:1)
  8 wraiths
  9 wyverns
  2 dire elephant simulacra (IceCv)
  10 spriggan simulacra
  A ynoxinul (Abyss:2)
  An ettin skeleton (Vaults:4)
  14 water elementals
  A fire bat (Abyss:2)
  A golden eye (Abyss:2)
  7 minotaur simulacra (IceCv)
  68 yaks
  A golden eye (shapeshifter) (D:13)
  A yaktaur simulacrum (Vaults:2)
  5 neqoxecs
  6 basilisks
  3 steam dragons
  3 chaos spawn
  8 wargs
  6 vampire mosquitoes
  Edmund (D:6)
  21 small abominations
  Menkaure (D:4)
  A harpy simulacrum (D:14)
  26 nagas
  Duvessa (D:6)
  5 acid dragons
  14 large abominations
  A floating eye (Vaults:3)
  38 water moccasins
  A merfolk skeleton (Crypt:2)
  3 hell hounds (Abyss:2)
  A swamp drake (Lair:6)
  A hornet zombie (D:9)
  45 orc warriors
  4 ice beasts
  An ettin simulacrum (IceCv)
  A naga skeleton (Crypt:1)
  A black bear (D:7)
  3 sky beasts
  17 wolves
  An alligator simulacrum (IceCv)
  12 ogres
  7 boggarts
  17 centaurs
  2 lemures (D:7)
  A phantom (D:6)
  2 human zombies
  3 kobold brigands
  17 bullfrogs
  5 deep troll simulacra (IceCv)
  A wyvern zombie (D:8)
  3 earth elementals
  4 gnoll sergeants (D:9)
  Dowan (D:6)
  2 scorpions (D:5)
  An elf skeleton (Crypt:1)
  A wyvern skeleton (D:5)
  8 killer bees
  5 howler monkeys
  A lindwurm simulacrum (IceCv)
  9 wights
  3 lava snakes (Snake:2)
  5 centaur zombies
  A hound (D:5)
  An iron imp (Abyss:2)
  2 centaur skeletons
  4 quasits
  2 bullfrog skeletons
  32 orc priests
  9 iguanas
  Natasha (thrice) (D:4 D:3)
  41 orc wizards
  A killer bee zombie (D:5)
  5 gnolls
  5 adders
  3 shadow imps
  A white imp (Abyss:2)
  2 ufetubi
  2 adder skeletons (D:4)
  5 worms
  7 dart slugs
  80 orcs
  A bat zombie (Crypt:1)
  8 endoplasms
  4 giant cockroaches
  8 goblins
  5 hobgoblins
  A jackal (D:3)
  6 quokkas
  3 training dummies (D:6)
  14 ball pythons
  6 bats
  4 frilled lizards
  16 kobolds
  A quokka zombie (Crypt:1)
  10 rats
  2 butterflies
  13 starspawn tentacles (Abyss:2)
1958 creatures vanquished.

Vanquished Creatures (collateral kills)
  2 vault guards (Vaults:3)
  An ogre mage (Vaults:3)
  An ironbound convoker (Vaults:3)
  A water nymph (Shoals:2)
  A water elemental (Shoals:2)
  A centaur (Shoals:2)
7 creatures vanquished.

Vanquished Creatures (others)
  A vault guard (Vaults:5)
  26 dancing weapons
  A wizard (Vaults:4)
  A deep elf zephyrmancer (Elf:3)
  A vault sentinel (Elf:1)
  2 snapping turtles (Shoals:4)
  A wraith (Abyss:2)
  A small abomination (Abyss:2)
  2 orc wizards (Orc:2)
  A bush (Lair:5)
  67 fungi
  A lurking horror (Abyss:2)
  98 plants
  20 starspawn tentacles
223 creatures vanquished.

Grand Total: 2188 creatures vanquished

Notes
Turn   | Place    | Note
-------+----------+-------------------------------------------
     0 | D:5      | flotson the Demonspawn Delver began the quest for the Orb.
     0 | D:5      | Reached XP level 1. HP: 18/18 MP: 1/1
     5 | D:5      | Noticed an ogre
   193 | D:5      | Noticed a hound
   234 | D:4      | Gained mutation: Spells you cast may paralyse adjacent
                  | enemies. [demonic ancestry]
   234 | D:4      | Reached XP level 2. HP: 24/24 MP: 2/2
   625 | D:2      | Gained mutation: You have large cloven feet. [demonic
                  | ancestry]
   625 | D:2      | Reached XP level 3. HP: 29/29 MP: 3/3
   665 | D:2      | Reached skill level 1 in Armour
   743 | D:2      | Reached skill level 1 in Throwing
   866 | D:2      | Reached skill level 1 in Long Blades
  1448 | D:1      | Reached XP level 4. HP: 29/35 MP: 4/4
  2497 | D:2      | Found a bloodstained altar of Trog.
  2922 | D:2      | Found a faded altar of an unknown god.
  2965 | D:2      | Found a bloodstained altar of Trog.
  3036 | D:2      | Found a faded altar of an unknown god.
  3700 | D:3      | Learned a level 1 spell: Summon Small Mammal
  3861 | D:3      | Reached skill level 1 in Evocations
  3861 | D:3      | Reached XP level 5. HP: 42/42 MP: 5/5
  5619 | D:4      | Noticed Natasha
  5625 | D:4      | Killed Natasha
  5626 | D:4      | Reached skill level 1 in Summonings
  5679 | D:4      | Noticed an ogre
  5695 | D:4      | Killed an ogre
  5696 | D:4      | Reached skill level 4 in Fighting
  5696 | D:4      | Gained mutation: You have hoof-like feet. [demonic
                  | ancestry]
  5696 | D:4      | Reached XP level 6. HP: 48/48 MP: 6/6
  5812 | D:4      | Noticed Natasha
  5822 | D:4      | Killed Natasha
  5914 | D:4      | Noticed Menkaure
  5946 | D:4      | Noticed Natasha
  6164 | D:3      | Killed Natasha
  7692 | D:5      | Found a staircase to the Ecumenical Temple.
  7701 | Temple   | Entered the Ecumenical Temple
  7708 | Temple   | Became a worshipper of Gozag Ym Sagoz the Greedy
  7897 | D:5      | Noticed an ice beast
  7903 | D:5      | Killed an ice beast
  7904 | D:5      | Gained mutation: Spells you cast may paralyse nearby
                  | enemies. [demonic ancestry]
  7904 | D:5      | Reached XP level 7. HP: 38/55 MP: 7/7
  8045 | D:5      | Identified the +3 hand axe of Emiaqigg {flame, rElec rPois}
  9327 | D:5      | Found a staircase to the Ecumenical Temple.
  9514 | D:6      | Found Kurch's Firing Range.
  9519 | D:6      | Noticed Edmund
  9522 | D:6      | Bought 6 javelins for 48 gold pieces
  9522 | D:6      | Bought a throwing net for 30 gold pieces
  9522 | D:6      | Bought 2 throwing nets for 60 gold pieces
  9564 | D:6      | Reached skill level 5 in Fighting
  9564 | D:6      | Gained mutation: You are partially covered in large bone
                  | plates. (SH +4) [demonic ancestry]
  9564 | D:6      | Reached XP level 8. HP: 49/62 MP: 8/8
  9646 | D:6      | Killed Edmund
  9936 | D:6      | Noticed Grinder
  9937 | D:6      | Paralysed by Grinder for 6 turns
  9951 | D:6      | Killed Grinder
 10072 | D:6      | Noticed Dowan
 10073 | D:6      | Noticed Duvessa
 10090 | D:6      | Killed Duvessa
 10091 | D:6      | Killed Dowan
 10448 | D:6      | Reached skill level 6 in Fighting
 10448 | D:6      | Reached XP level 9. HP: 49/69 MP: 9/9
 10452 | D:6      | Reached skill level 5 in Dodging
 10678 | D:6      | Found a shimmering blue altar of Sif Muna.
 10815 | D:6      | Found Kurch's Firing Range.
 11297 | D:7      | Found the +8 autumn katana {vorpal, Clar}
 11400 | D:7      | Noticed Pikel
 11421 | D:7      | Killed Pikel
 11422 | D:7      | Reached skill level 5 in Armour
 11422 | D:7      | Reached skill level 5 in Summonings
 12336 | D:4      | Killed Menkaure
 12337 | D:4      | Reached skill level 5 in Long Blades
 13629 | D:7      | Gained mutation: You are mostly covered in large bone
                  | plates. (SH +6) [demonic ancestry]
 13629 | D:7      | Reached XP level 10. HP: 77/77 MP: 10/10
 14577 | D:8      | Noticed Psyche
 14594 | D:8      | Killed Psyche
 15047 | D:8      | Reached skill level 7 in Fighting
 15678 | D:8      | Learned a level 3 spell: Call Canine Familiar
 15699 | D:9      | Noticed a boulder beetle
 15735 | D:9      | Noticed a two-headed ogre
 15740 | D:9      | Killed a two-headed ogre
 15771 | D:9      | Noticed a two-headed ogre
 16152 | D:9      | Gained mutation: You sometimes gain a little power by
                  | taking damage. [demonic ancestry]
 16152 | D:9      | Reached XP level 11. HP: 53/85 MP: 11/11
 16157 | D:9      | Killed a two-headed ogre
 16161 | D:9      | Reached skill level 5 in Evocations
 16447 | D:9      | Noticed a two-headed ogre
 16454 | D:9      | Killed a two-headed ogre
 16883 | D:9      | Killed a boulder beetle
 16884 | D:9      | Reached skill level 5 in Throwing
 16907 | D:9      | Reached skill level 8 in Fighting
 17591 | D:9      | Found a staircase to the Orcish Mines.
 17958 | D:10     | Entered Level 10 of the Dungeon
 18169 | D:10     | Found a staircase to the Lair.
 18185 | D:10     | Reached skill level 1 in Shields
 18690 | D:10     | Noticed a two-headed ogre
 18697 | D:10     | Killed a two-headed ogre
 18698 | D:10     | Gained mutation: You are completely covered in large bone
                  | plates. (SH +8) [demonic ancestry]
 18698 | D:10     | Reached XP level 12. HP: 53/94 MP: 12/12
 18950 | D:10     | Noticed a two-headed ogre
 18993 | D:9      | Killed a two-headed ogre
 19763 | Lair:1   | Entered Level 1 of the Lair of Beasts
 20036 | Lair:1   | Noticed a four-headed hydra
 20044 | Lair:1   | Killed a one-headed hydra
 20735 | Lair:1   | Noticed a catoblepas
 20759 | Lair:1   | Killed a catoblepas
 21876 | Lair:2   | Noticed a catoblepas
 21894 | Lair:2   | Killed a catoblepas
 22064 | Lair:2   | Reached skill level 9 in Fighting
 22259 | Lair:2   | Found a staircase to the Snake Pit.
 22640 | Lair:2   | Reached XP level 13. HP: 93/101 MP: 13/13
 23162 | Lair:2   | Noticed a dire elephant
 23183 | Lair:2   | Killed a dire elephant
 25755 | Lair:4   | Reached skill level 10 in Long Blades
 26346 | Lair:4   | Found a staircase to the Shoals.
 27579 | Lair:5   | Reached XP level 14. HP: 73/109 MP: 12/14
 27592 | Lair:5   | Reached skill level 5 in Shields
 27780 | Lair:5   | Found a large runed translucent door.
 27781 | Lair:5   | Found a large runed translucent door.
 27787 | Lair:5   | Noticed Hypnoxylon's ghost (journeyman TrFi)
 27789 | Lair:5   | Reached skill level 10 in Fighting
 28900 | Lair:5   | Killed Hypnoxylon's ghost
 28957 | Lair:6   | Entered Level 6 of the Lair of Beasts
 29621 | Lair:6   | Found a bloodstained altar of Trog.
 29937 | Lair:6   | Found a viscous altar of Jiyva.
 29937 | Lair:6   | Found a staircase to the Slime Pits.
 31014 | Orc:1    | Entered Level 1 of the Orcish Mines
 31508 | Orc:2    | Entered Level 2 of the Orcish Mines
 32878 | Orc:2    | Noticed Saint Roka
 33210 | Orc:2    | Found a staircase to the Elven Halls.
 33752 | Orc:2    | Noticed an orc warlord
 33752 | Orc:2    | Noticed an orc warlord
 33969 | D:9      | Gained mutation: You have hooves in place of feet. [demonic
                  | ancestry]
 33969 | D:9      | Reached XP level 15. HP: 89/117 MP: 8/15
 34078 | D:9      | Killed an orc warlord
 35258 | Orc:2    | Identified the +9 dagger of Gialan {freeze, rF+ rC++ Str-3
                  | Int+2}
 35417 | Orc:2    | Killed an orc warlord
 35753 | Orc:2    | Found Gidoenge's Antique Weapon Emporium.
 35753 | Orc:2    | Found Fuufuguq's Book Shoppe.
 35754 | Orc:2    | Found Jaletyub's Distillery.
 35758 | Orc:2    | Found Wixzick's Distillery.
 35763 | Orc:2    | Bought a potion of degeneration for 14 gold pieces
 35810 | Orc:2    | Found a staircase to the Elven Halls.
 36309 | Orc:2    | Found Gidoenge's Antique Weapon Emporium.
 36309 | Orc:2    | Found Wixzick's Distillery.
 36310 | Orc:2    | Found Jaletyub's Distillery.
 36313 | Orc:2    | Found Fuufuguq's Book Shoppe.
 36344 | Orc:2    | Killed Saint Roka
 36645 | D:10     | Bought a pair of faintly glowing gloves for 304 gold pieces
 36645 | D:10     | Identified the +0 pair of gloves of Laxzypp {-Tele rElec
                  | rCorr Str+2} (You bought it in a shop on level 10 of the
                  | Dungeon)
 36648 | D:10     | Bought a pair of spiked gloves for 275 gold pieces
 36648 | D:10     | Identified the +5 pair of gloves of Soft Rains {Will+ Str+3
                  | Int+4} (You bought it in a shop on level 10 of the Dungeon)
 36648 | D:10     | Bought a faintly humming scale mail for 261 gold pieces
 36648 | D:10     | Identified the +1 scale mail of Moral Flaws {*Corrode rPois
                  | rC+} (You bought it in a shop on level 10 of the Dungeon)
 36661 | D:10     | Bought the +7 Kryia's mail coat {PotionHeal*2 rC+} for 1740
                  | gold pieces
 36661 | D:10     | Found the +7 Kryia's mail coat {PotionHeal*2 rC+}
 38111 | D:11     | Reached skill level 10 in Summonings
 38805 | D:13     | Reached skill level 11 in Fighting
 38997 | D:13     | Found an iron altar of Okawaru.
 39165 | D:13     | Found a portal to a secret trove of treasure.
 39564 | D:13     | Noticed Sonja
 39571 | D:13     | Killed Sonja
 39943 | D:14     | Reached skill level 10 in Dodging
 40115 | D:14     | Found a gate to the Vaults.
 40701 | D:14     | Found a radiant altar of Vehumet.
 40712 | D:14     | Reached skill level 10 in Armour
 41030 | D:15     | Entered Level 15 of the Dungeon
 41675 | D:15     | Reached skill level 10 in Evocations
 41972 | D:15     | Reached XP level 16. HP: 118/126 MP: 14/16
 42093 | D:15     | Noticed Jorgrun
 42108 | D:15     | Killed Jorgrun
 42124 | D:15     | HP: 6/126 [yaktaur captain/bolt (29)]
 43609 | D:15     | Found a staircase to the Depths.
 44465 | D:15     | Found a staircase to the Depths.
 44800 | Elf:1    | Entered Level 1 of the Elven Halls
 44834 | Elf:1    | Reached skill level 12 in Fighting
 45026 | Elf:1    | Paralysed by an air elemental for 1 turns
 45195 | Elf:1    | Paralysed by an air elemental for 1 turns
 45202 | Elf:1    | Paralysed by an air elemental for 1 turns
 45951 | Elf:1    | Reached skill level 10 in Throwing
 46067 | Elf:1    | Gained mutation: Your spells are a little easier to cast,
                  | but a little less powerful. [a neqoxec]
 47578 | Elf:1    | Bought an ancient plate armour for 952 gold pieces
 47578 | Elf:1    | Identified the +0 plate armour "Tut Alut" {Will+} (You
                  | bought it in a shop on level 1 of the Elven Halls)
 47584 | Elf:1    | Bought a pitted scale mail for 387 gold pieces
 47584 | Elf:1    | Identified the +7 scale mail of Duavirghe {Rampage rElec
                  | rN+++ Stlth-} (You bought it in a shop on level 1 of the
                  | Elven Halls)
 47664 | Elf:2    | Gained mutation: Your hexes are more powerful. [demonic
                  | ancestry]
 47664 | Elf:2    | Reached XP level 17. HP: 71/135 MP: 10/17
 47980 | Elf:2    | Got the Grimoire of the Escort
 48316 | Elf:2    | Found Yguh's Weapon Emporium.
 48318 | Elf:2    | Reached skill level 1 in Spellcasting
 48522 | Elf:2    | Found Vebozurr's Magic Scroll Emporium.
 48532 | Elf:2    | Bought a scroll of blinking for 97 gold pieces
 48532 | Elf:2    | Bought a scroll of holy word for 97 gold pieces
 48739 | Elf:2    | Found Ehuig's Antique Armour Boutique.
 48740 | Elf:2    | Found Nerikheo's Magic Scroll Emporium.
 48751 | Elf:2    | Learned a level 3 spell: Summon Guardian Golem
 48751 | Elf:2    | Bought a scorched helmet for 247 gold pieces
 48751 | Elf:2    | Identified the +0 helmet of Integrity {Fly rElec Dex-3
                  | Slay+5} (You bought it in a shop on level 2 of the Elven
                  | Halls)
 48764 | Elf:2    | Bought brightly glowing swamp dragon scales for 1430 gold
                  | pieces
 48764 | Elf:2    | Identified the +2 swamp dragon scales of Grace {rPois rC+
                  | Int+2} (You bought it in a shop on level 2 of the Elven
                  | Halls)
 48775 | Elf:2    | Bought a scroll of teleportation for 48 gold pieces
 48775 | Elf:2    | Bought a scroll of teleportation for 48 gold pieces
 48952 | Elf:2    | Found a huge runed translucent gate.
 48952 | Elf:2    | Found a huge runed translucent gate.
 48952 | Elf:2    | Found a huge runed translucent gate.
 48953 | Elf:2    | Found a huge runed translucent gate.
 48954 | Elf:2    | Found a huge runed translucent gate.
 49305 | Elf:2    | Reached skill level 1 in Hexes
 49623 | Elf:2    | Reached skill level 13 in Fighting
 49969 | Elf:3    | Entered Level 3 of the Elven Halls
 50124 | Elf:3    | Paralysed by an air elemental for 1 turns
 50837 | Elf:3    | Noticed a Tzitzimitl
 50842 | Elf:3    | Noticed a Brimstone Fiend
 51119 | Elf:3    | Identified the +1 robe of Vunow {+Inv Dex+3}
 51131 | Elf:3    | Noticed a deep elf blademaster
 51140 | Elf:3    | Killed a deep elf blademaster
 51148 | Elf:3    | Noticed a deep elf blademaster
 51151 | Elf:3    | Noticed a deep elf blademaster
 51887 | Elf:3    | Identified the +0 leather armour of the Albatross {rN++}
 51890 | Elf:3    | Identified the amulet of Tyahuloo {Faith Harm Regen+ Str-3
                  | Stlth+}
 51899 | Elf:3    | Identified the +7 chain mail of the Desolation of Salt {rC+
                  | Str+4}
 51899 | Elf:3    | Noticed a deep elf master archer
 52051 | Elf:1    | Killed a deep elf blademaster
 52291 | Elf:2    | Killed a deep elf blademaster
 52292 | Elf:2    | Reached skill level 10 in Shields
 52537 | Elf:3    | Cast into level 2 of the Abyss (a deep elf sorcerer)
 52907 | Abyss:2  | Gained mutation: Spells you cast and wands you use may
                  | paralyse nearby enemies. [demonic ancestry]
 52907 | Abyss:2  | Reached XP level 18. HP: 115/115 MP: 22/24
 53177 | Abyss:2  | Paralysed by accursed screaming for 1 turns
 53186 | Abyss:2  | Paralysed by accursed screaming for 1 turns
 53681 | Elf:3    | Escaped the Abyss
 54099 | Elf:3    | Learned a level 4 spell: Summon Ice Beast
 54107 | Elf:3    | Learned a level 7 spell: Monstrous Menagerie
 54114 | Elf:3    | Learned a level 6 spell: Summon Cactus Giant
 54207 | Elf:3    | Noticed a Hell Sentinel
 54743 | Elf:3    | Got the Papyrus of the Creative Traveller
 55438 | Snake:1  | Entered Level 1 of the Snake Pit
 55444 | Snake:1  | Found a frozen archway.
 55452 | IceCv    | Entered an ice cave
 55519 | IceCv    | Reached skill level 1 in Ice Magic
 55606 | IceCv    | Reached skill level 5 in Hexes
 56326 | IceCv    | Reached skill level 5 in Spellcasting
 56941 | Snake:1  | Noticed Donald
 56957 | Snake:1  | Cast into level 2 of the Abyss (Donald)
 56971 | Abyss:2  | Identified a scroll of acquirement
 56974 | Abyss:2  | Acquired a +4 ring of evasion
 57466 | Abyss:2  | Learned a level 2 spell: Ensorcelled Hibernation
 57571 | Abyss:2  | Gained mutation: Your spells are easier to cast, but less
                  | powerful. [a neqoxec]
 57573 | Abyss:2  | Gained mutation: You tend to lose your temper in combat. [a
                  | neqoxec]
 57673 | Snake:1  | Escaped the Abyss
 57684 | Snake:1  | Killed Donald
 58725 | Snake:1  | Noticed Louise
 58761 | Snake:1  | Killed Louise
 59088 | Snake:2  | Got the Guide on Heat and Toxins
 59180 | Snake:2  | Found a runed translucent gate.
 59181 | Snake:2  | Found a runed translucent gate.
 59182 | Snake:2  | Found a runed translucent gate.
 59250 | Snake:2  | Noticed Icun's ghost (journeyman GnWr)
 59250 | Snake:2  | Noticed Kuseiv's ghost (adept MiHu)
 59589 | Snake:2  | HP: 6/145 [salamander (12)]
 59594 | Snake:2  | Reached skill level 14 in Fighting
 59979 | Snake:2  | Found Alug's Antique Armour Emporium.
 59979 | Snake:2  | Found Taselon's General Store.
 60058 | Snake:2  | Bought a scroll of teleportation for 45 gold pieces
 60058 | Snake:2  | Bought a scroll of teleportation for 45 gold pieces
 60121 | Snake:2  | Noticed Frances
 60131 | Snake:2  | Noticed Vashnia
 60132 | Snake:2  | Killed Frances
 60133 | Snake:2  | Reached XP level 19. HP: 124/152 MP: 23/27
 60168 | Snake:2  | Killed Vashnia
 60890 | Snake:2  | Killed Icun's ghost
 60902 | Snake:2  | Killed Kuseiv's ghost
 61459 | Snake:3  | Found Isauciph's Assorted Antiques.
 61857 | Snake:3  | Identified the +1 ring mail "Zudosy" {rPois rC- Regen+
                  | Int+8}
 62556 | Snake:4  | Entered Level 4 of the Snake Pit
 63785 | Snake:4  | Found Kalo Xotemn's Antique Armour Shoppe.
 63854 | Snake:4  | Bought a steaming ring mail for 324 gold pieces
 63854 | Snake:4  | Identified the +4 ring mail of Wu Jian's Delight {rN+} (You
                  | bought it in a shop on level 4 of the Snake Pit)
 65248 | Snake:4  | Got a serpentine rune of Zot
 65617 | Shoals:1 | Entered Level 1 of the Shoals
 66005 | Shoals:1 | Noticed Mlioglotl
 66015 | Shoals:1 | Killed Mlioglotl
 66797 | Shoals:2 | Reached skill level 5 in Ice Magic
 67418 | Shoals:2 | Learned a level 3 spell: Portal Projectile
 67691 | Shoals:3 | Gained mutation: You sometimes gain power by taking damage.
                  | [demonic ancestry]
 67691 | Shoals:3 | Reached XP level 20. HP: 150/160 MP: 27/30
 68436 | Shoals:3 | Reached skill level 1 in Translocations
 68951 | Shoals:3 | Acquired the ring "Wommis" {*Corrode rN+ AC+4 Int+8 SInv}
 69129 | Shoals:4 | Entered Level 4 of the Shoals
 69129 | Shoals:4 | Found Toesauvu's Antique Armour Shop.
 69129 | Shoals:4 | Found Los Jojiv's General Store.
 69129 | Shoals:4 | Found Firean's Magic Scroll Shoppe.
 69134 | Shoals:4 | Found Pewnelur's Antique Armour Emporium.
 69177 | Shoals:4 | Found a flickering gateway to a bazaar.
 69190 | Bazaar   | Entered a bazaar
 69190 | Bazaar   | Found Fyaf's Antique Weapon Emporium.
 69190 | Bazaar   | Found Fatamiza's Antique Armour Emporium.
 69214 | Bazaar   | Bought a pair of dazzling gloves for 313 gold pieces
 69214 | Bazaar   | Identified the +2 pair of gloves of Baldness {-Tele rElec
                  | Will+ Str+4} (You bought it in a shop in a bazaar)
 69226 | Bazaar   | Found Quish's Magic Scroll Boutique.
 69234 | Bazaar   | Bought a scroll of silence for 75 gold pieces
 69234 | Bazaar   | Bought a scroll of teleportation for 30 gold pieces
 69234 | Bazaar   | Bought a scroll of fear for 35 gold pieces
 69237 | Bazaar   | Found Qoodor's General Store.
 69245 | Bazaar   | Bought a scroll of fog for 36 gold pieces
 69245 | Bazaar   | Bought a potion of haste for 180 gold pieces
 69245 | Bazaar   | Bought a potion of lignification for 54 gold pieces
 69245 | Bazaar   | Bought a potion of attraction for 54 gold pieces
 69257 | Bazaar   | Found Soxer's Book Boutique.
 69987 | Shoals:4 | Identified the +0 quarterstaff of the Solstice {pain,
                  | rPois}
 70078 | Shoals:4 | Bought a scroll of teleportation for 33 gold pieces
 70146 | Shoals:4 | Bought a scroll of fear for 49 gold pieces
 70146 | Shoals:4 | Bought a scroll of teleportation for 42 gold pieces
 70784 | Shoals:4 | Got a barnacled rune of Zot
 71686 | Vaults:1 | Entered Level 1 of the Vaults
 71759 | Vaults:1 | Reached skill level 15 in Fighting
 72795 | Vaults:1 | Identified the +0 plate armour of Neolacin {Dex+4 SInv}
 73571 | Vaults:1 | Noticed Aizul
 73580 | Vaults:1 | Killed Aizul
 73741 | Vaults:1 | Cast into level 3 of the Abyss (a wizard)
 73776 | Abyss:3  | Identified the +2 pair of boots of Narcissism {Int+2}
 73870 | Abyss:3  | Gained mutation: Your magical capacity is low. (-10% MP) [a
                  | neqoxec]
 73903 | Abyss:3  | Reached XP level 21. HP: 156/168 MP: 30/30
 74263 | Vaults:1 | Escaped the Abyss
 76564 | Vaults:2 | Found a staircase to the Crypt.
 76564 | Vaults:2 | Found a basalt altar of Yredelemnul.
 76565 | Vaults:2 | Found an ancient bone altar of Kikubaaqudgha.
 77062 | Vaults:3 | Learned a level 5 spell: Summon Mana Viper
 77064 | Vaults:3 | Learned a level 1 spell: Apportation
 77067 | Vaults:3 | Learned a level 2 spell: Passwall
 77283 | Vaults:3 | Reached skill level 15 in Shields
 77381 | Vaults:3 | Cast into level 2 of the Abyss (a wizard)
 77914 | Abyss:2  | Gained mutation: You are frail. (-10% HP) [a neqoxec]
 77949 | Vaults:3 | Escaped the Abyss
 77955 | Vaults:3 | Reached skill level 16 in Fighting
 78383 | Vaults:3 | Gained mutation: Your melee attacks may debilitate your
                  | foes. [demonic ancestry]
 78383 | Vaults:3 | Reached XP level 22. HP: 112/160 MP: 21/32
 78769 | Vaults:3 | Noticed a golden dragon
 78855 | Vaults:3 | Killed a golden dragon
 79342 | Vaults:3 | Reached skill level 10 in Spellcasting
 79550 | Vaults:3 | Found the +6 lightning scales {swift, rElec}
 79559 | Vaults:3 | Identified the +7 war axe of Severance {antimagic, Str+2}
 79565 | Vaults:3 | Identified the +10 battleaxe of Makloot {spect, rCorr}
 80066 | Vaults:4 | Found a flickering gateway to a bazaar.
 80106 | Bazaar   | Entered a bazaar
 80106 | Bazaar   | Found Ryvysk's Antique Weapon Shop.
 80143 | Bazaar   | Found Tipraek's Distillery.
 80151 | Bazaar   | Bought 2 potions of heal wounds for 120 gold pieces
 80151 | Bazaar   | Bought a potion of resistance for 120 gold pieces
 80151 | Bazaar   | Bought a potion of curing for 36 gold pieces
 80151 | Bazaar   | Bought a potion of lignification for 36 gold pieces
 80151 | Bazaar   | Bought a potion of curing for 36 gold pieces
 80151 | Bazaar   | Bought a potion of berserk rage for 60 gold pieces
 80151 | Bazaar   | Bought 2 potions of attraction for 72 gold pieces
 80151 | Bazaar   | Bought a potion of attraction for 36 gold pieces
 80151 | Bazaar   | Bought a potion of ambrosia for 96 gold pieces
 80151 | Bazaar   | Bought a potion of ambrosia for 96 gold pieces
 80163 | Bazaar   | Found Ipyuluj's Antique Armour Shop.
 80580 | Vaults:4 | Reached skill level 15 in Dodging
 80906 | Vaults:4 | Found Noniwaox's Antique Armour Shoppe.
 81338 | Vaults:4 | Identified the +5 morningstar of a Million Orbs {vorpal,
                  | rPois SInv}
 81473 | Vaults:4 | Found Zunovu's Armour Emporium.
 81824 | Vaults:5 | Entered Level 5 of the Vaults
 81984 | Vaults:5 | Reached skill level 15 in Armour
 82008 | Vaults:5 | Found Suwous's Assorted Antiques.
 82208 | Vaults:5 | Identified the +8 chain mail of Eternal Night {Int+2}
 82607 | Vaults:5 | Reached skill level 15 in Summonings
 82938 | Vaults:5 | Identified the +8 hand crossbow "Anumicon" {vorpal, Int+2
                  | Stlth+}
 83783 | Vaults:5 | Gained mutation: You are surrounded by an aura of silence.
                  | [demonic ancestry]
 83783 | Vaults:5 | Reached XP level 23. HP: 91/167 MP: 23/34
 84361 | Vaults:5 | Got a silver rune of Zot
 84479 | Vaults:5 | Identified the +8 eveningstar of the Onslaught {vamp, rF-
                  | Will+ MP+9 Dex+8}
 84657 | Vaults:5 | Got the Catalogue of Sinister Rites and Orientation
 84895 | Crypt:1  | Entered Level 1 of the Crypt
 84945 | Crypt:1  | Reached skill level 17 in Fighting
 86390 | Crypt:2  | Noticed Mennas
 86406 | Crypt:2  | Slain by Mennas

Illustrated notes

Levels and vault maps discovered:
D:1:      heliophobic_arrival_henge, layout_basic
D:2:      minmay_thinvault, layout_rooms, dilly_ecumenical_altar_fadedgnrine,
          basic_altar
D:3:      wad_river_or_something, layout_basic, serial_glass, glass_columns_b,
          glass_columns_c, glass_columns_a, glass_columns_c, glass_columns_a,
          glass_columns_a, item_on_display_a, feat_on_display, item_on_display_a
D:4:      layout_layer_cave, uniq_natasha, uniq_menkaure
D:5:      layout_loops_ring, minmay_temple_entry_butterflies
D:6:      layout_rooms, lemuel_blue_sif_altar, roderic_st_hans_cross,
          nicolae_shop_firing_range, uniq_grinder, uniq_edmund, uniq_duvessa
D:7:      cheibrodos_quashed, layout_basic, grunt_ministairs_14, uniq_pikel
D:8:      layout_gridville, uniq_psyche
D:9:      cheibrodos_barr_body, layout_cave_pools,
          kennysheep_orc_monster_closet_entryway, minmay_puff
D:10:     layout_stronghold, minmay_lair_entry_grove
D:11:     layout_long_grid
D:12:     layout_gridville
D:13:     layout_irregular_city, enter_trove_0, okawaru_ov_weapons_minmay,
          uniq_sonja
D:14:     layout_grid_maze, skrybe_vaults_entry_preservation,
          nicolae_vehumet_radiance
D:15:     gammafunk_enter_depths_forms, layout_loops_ring,
          minmay_hollow_rounded_squares, uniq_jorgrun
Temple:   dpeg_three_leaves_temple
Lair:1:   kb_forest_paths, layout_regular_city
Lair:2:   mu_elephants_graveyard, layout_hall_layers,
          minmay_snake_entry_six_corridors, minmay_holes, beast_lair_carwin_1
Lair:3:   layout_roguey, lemuel_fruit_fields, infiniplex_staircase_pool_2,
          lemuel_fruit_fields
Lair:4:   layout_regular_city, shoals_dummy_entry, hibernation_bobbens
Lair:5:   layout_loops_ring, ebering_ghost_disaster_area
Lair:6:   guppyfry_lair_end_dragon, layout_loops_ring,
          dpeg_slime_entry_enclosed_altar, basic_altar
Shoals:1: layout_shoals, uniq_mlioglotl
Shoals:2: layout_shoals
Shoals:3: layout_shoals
Shoals:4: shoals_end_simple, layout_shoals, serial_shops, bzr_firewalk,
          nicolae_shop_stone, shop, nicolae_shop_waterfront,
          nicolae_shop_temple_entry_statues_fountains
Snake:1:  layout_layer_cave, portal_ice_cave_entry_pillars_three, uniq_louise,
          uniq_donald
Snake:2:  layout_basic, gammafunk_ghost_cemetery, nicolae_snake_salamander_zone,
          minmay_shoptagon, uniq_vashnia, uniq_frances
Snake:3:  layout_rooms, serial_shops, nicolae_shop_crystal, grunt_megastairs_4
Snake:4:  hellmonk_snake_rune_quicksilver_temple, layout_gridlike, serial_shops,
          shop_fountains
Orc:1:    layout_caves, serial_shops, shop
Orc:2:    st_orc_mages, layout_caves, minmay_orc_treasury, uniq_saint_roka
Elf:1:    minmay_elf_arrival_summoners, layout_loops_cross,
          hangedman_elf_disciples, nicolae_elf_vaults_five_recruitment_drive
Elf:2:    elven_hall_of_blades_hangedman_alternative
          [nicolae_blade_entry_sentries_behind_glass], layout_gridlike,
          serial_shops, shop, nicolae_shop_waterfront, shop,
          nicolae_shop_waterfront, minmay_elf_demonology
Elf:3:    minmay_elf_hall_not_hex, layout_geoelf_grid
Vaults:1: st_check, v_misc_33, nicolae_vaults_mini_display_case,
          nicolae_vaults_big_ls, nicolae_vaults_little_squares_5,
          vaults_room_grunt_arrival_checkpoint, grunt_vaults_bifocal,
          dpeg_vaults_monster_box, nicolae_vaults_little_squares_2, v_pattern_4,
          layout_vaults_omnicross, uniq_aizul
Vaults:2: vaults_dpeg_hooks, v_misc_29, grunt_vaults_diagonal,
          ontoclasm_vaults_fault, vaults_standard_mumra_lines,
          minmay_crypt_entry_necro_gods, grunt_vaults_swirl,
          nicolae_vaults_what_the_h, nicolae_vaults_yaktaur_gun_rack,
          vaults_room_semicircle, layout_vaults_big_room
Vaults:3: vaults_room_ringed_pool, st_greater_box_3, hangedman_vaults_stream,
          vaults_room_pool, v_misc_33, hangedman_vaults_stitches,
          hangedman_vaults_snaps, vaults_room_grunt_arrival_ludios,
          hangedman_vaults_cutoff, grunt_vaults_hallway_long,
          ontoclasm_vaults_pinch, vaults_room_stairs_pillars,
          layout_vaults_omnibox
Vaults:4: st_cross, ontoclasm_vaults_shuriken, v_misc_5, ontoclasm_vaults_chip,
          vaults_room_corners, ontoclasm_vaults_twist, v_misc_9,
          vaults_mumra_chevron, nicolae_vaults_little_squares_1,
          layout_vaults_omnigrid, serial_shops, bzr_entry_water, shop,
          nicolae_shop_window_shopping
Vaults:5: serial_shops
Crypt:1:  layout_rooms, hex_large, grunt_crypt_arrival_webbed,
          grunt_megastairs_1
Crypt:2:  layout_chaotic_city, st_stairs_13, uniq_mennas

Skill      XL: |  1  2  3  4  5  6  7  8  9 10 11 12 13 14 15 16 17 18 19 20 21 22 23 |
---------------+----------------------------------------------------------------------+-----
Dodging        | 2 3 4 5 6 7 8 9 10 11 12 13 14 15 | 15.8
Armour         | 1 2 3 4 5 6 7 8 9 10 11 12 13 14 15 | 15.7
Throwing       | 1 2 3 4 5 6 7 8 9 10 11 | 11.6
Long Blades    | 1 2 3 4 5 6 7 9 10 11 | 11.9
Evocations     | 1 2 3 4 6 7 8 10 11 | 11.4
Summonings     | 1 2 3 4 5 6 7 8 9 10 11 12 13 14 15 | 15.7
Fighting       | 4 5 6 7 8 9 10 11 12 13 14 15 16 17 | 17.2
Shields        | 1 3 4 6 7 9 10 11 12 14 15 | 15.0
Spellcasting   | 4 5 7 8 9 11 | 11.5
Hexes          | 4 6 |  6.0
Ice Magic      | 3 5 |  5.0
Translocations | 3 |  3.0
Short Blades   | |  1.7
Stealth        | |  4.5

Action                   |  1- 3 |  4- 6 |  7- 9 | 10-12 | 13-15 | 16-18 | 19-21 | 22-24 || total
-------------------------+-------+-------+-------+-------+-------+-------+-------+-------++-------
Melee: Short sword       |   147 |   138 |       |       |       |       |       |       ||   285
       Kick              |    27 |    48 |    44 |   153 |   353 |   436 |   744 |   516 ||  2321
       Great sword       |       |    57 |   104 |       |       |       |       |       ||   161
       Katana            |       |       |    58 |   522 |  1182 |  1252 |  1846 |  1077 ||  5937
       Unarmed           |       |       |       |     9 |       |       |       |       ||     9
       Hand axe          |       |       |       |     4 |    56 |    11 |       |       ||    71
Throw: Dart              |       |    32 |    11 |     5 |     5 |       |       |       ||    53
       Javelin           |       |       |    16 |    31 |    71 |    40 |    26 |     2 ||   186
       Throwing net      |       |       |       |       |     1 |       |       |       ||     1
       Boomerang         |       |       |       |       |     1 |       |       |       ||     1
 Cast: Call Canine Famil |       |       |       |       |    10 |     3 |       |       ||    13
       Summon Small Mamm |       |       |       |       |     1 |       |       |       ||     1
       Summon Guardian G |       |       |       |       |       |     2 |       |       ||     2
       Summon Cactus Gia |       |       |       |       |       |       |     4 |       ||     4
       Portal Projectile |       |       |       |       |       |       |     1 |       ||     1
Invok: Call Merchant     |       |       |       |       |     2 |     2 |       |       ||     4
Evoke: Wand              |     1 |     1 |       |     2 |    15 |    14 |     5 |     1 ||    39
       Lightning rod     |       |       |       |       |     4 |     6 |       |       ||    10
       Box of beasts     |       |       |       |       |       |     2 |       |       ||     2
       Phantom mirror    |       |       |       |       |       |     1 |       |       ||     1
       Tin of tremorston |       |       |       |       |       |     1 |       |       ||     1
  Use: Scroll            |       |       |       |    16 |    11 |    11 |     6 |     5 ||    49
       Potion            |       |       |       |       |       |     4 |     2 |     4 ||    10
 Stab: Sleeping          |     1 |    11 |     4 |     4 |     4 |     2 |     1 |       ||    27
       Distracted        |       |       |     2 |     4 |    11 |    10 |    19 |     4 ||    50
       Petrified         |       |       |       |       |     3 |       |       |       ||     3
       Paralysed         |       |       |       |       |     2 |       |       |       ||     2
Armor: Leather armour    |     4 |       |       |       |       |       |       |       ||     4
       Scale mail        |    48 |     5 |       |       |   153 |   318 |   352 |   231 ||  1107
       Ring mail         |       |    81 |    63 |   100 |   162 |       |       |       ||   406
       Chain mail        |       |       |       |       |     9 |       |       |       ||     9
Dodge: Dodged            |    64 |   101 |    93 |   165 |   359 |   353 |   554 |   280 ||  1969
       Repelled          |       |       |       |       |       |     1 |    21 |     1 ||    23
Block: Other             |       |       |    19 |    33 |       |       |       |       ||    52
       Kite shield       |       |       |       |   222 |  1004 |   846 |  1351 |    37 ||  3460
       Buckler           |       |       |       |    11 |       |       |       |   542 ||   553
       Reflection        |       |       |       |       |       |       |       |    24 ||    24

Table legend: (Time is in decaauts)
 A = Elapsed time spent in this place.
 B = Non-inter-level travel time spent in this place.
 C = Inter-level travel time spent in this place.
 D = Time resting spent in this place.
 E = Time spent auto-exploring this place.
 F = Levels seen in this place.
 G = Mean time per level.
                   A        B        C        D        E       F      G
               +--------+--------+--------+--------+--------+-----+--------+
         Total |  85018 |  81484 |   3534 |   6419 |  60104 |  49 | 1735.1 |
       Dungeon |  28673 |  27304 |   1369 |   1865 |  21415 |  15 | 1911.5 |
        Temple |     14 |      7 |      7 |      0 |      0 |   1 |   14.0 |
          Lair |  11169 |  10433 |    736 |    396 |   8395 |   6 | 1861.5 |
        Shoals |   5608 |   5412 |    196 |      0 |   4523 |   4 | 1402.0 |
     Snake Pit |   8034 |   7710 |    324 |      3 |   6597 |   4 | 2008.5 |
  Orcish Mines |   5666 |   5413 |    253 |   1508 |   2619 |   2 | 2833.0 |
   Elven Halls |   8880 |   8501 |    379 |   1583 |   5257 |   3 | 2960.0 |
        Vaults |  11494 |  11255 |    239 |    865 |   8049 |   5 | 2298.8 |
         Crypt |   1372 |   1343 |     29 |      0 |    939 |   2 |  686.0 |
         Abyss |   2790 |   2790 |      0 |    198 |   1296 |   4 |  697.5 |
        Bazaar |    159 |    159 |      0 |      0 |    133 |   2 |   79.5 |
      Ice Cave |   1153 |   1153 |      0 |      0 |    880 |   1 | 1153.0 |
               +--------+--------+--------+--------+--------+-----+--------+

Top non-repeatable levels by time:
   Elf:2: 3397 daAuts
    D:15: 3147 daAuts
   Orc:2: 3107 daAuts
   Elf:1: 3050 daAuts
Vaults:5: 2807 daAuts
     D:3: 2770 daAuts
Vaults:1: 2661 daAuts
 Snake:3: 2634 daAuts
   Orc:1: 2559 daAuts
     D:4: 2554 daAuts
Vaults:3: 2474 daAuts
   Elf:3: 2433 daAuts
  Lair:1: 2402 daAuts
  Lair:2: 2365 daAuts
 Abyss:2: 2316 daAuts
